 Dungeon Crawl Stone Soup version 0.28.0 (webtiles) character file.

Game seed: 1919122225085433894

765722 freelancePsychic the Sensei (level 27, -1/351 HPs)
             Began as a Yellow Draconian Conjurer on Feb 18, 2022.
             Was the Champion of Jiyva.
             Slain by a Hell Sentinel (24 damage)
             ... in Pandemonium on Feb 19, 2022.
             The game lasted 02:39:12 (63972 turns).

freelancePsychic the Sensei (DrCj)                 Turns: 63972, Time: 02:39:13

Health: -1/351     AC: 40    Str: 17    XL:     27
Magic:  35/60      EV: 20    Int: 38    God:    Jiyva [******]
Gold:   1499       SH: 18    Dex: 15    Spells: 21/64 levels left

rFire   + + .      SeeInvis +     - Unarmed
rCold   + + .      Faith    +   r - +2 shield of Resistance {rF++ rC++ Will++}
rNeg    + . .      Spirit   .   (armour unavailable)
rPois   ∞          Reflect  .   U - +3 hat of Pondering {ponderous, Will+ MP+10 Int+5}
rElec   +          Harm     .   t - +2 cloak {Will+}
rCorr   +          Rampage  .   (gloves currently unavailable)
Will    +++++                   (boots currently unavailable)
Stlth   ++++......              L - amulet of Puuruis {Faith Regen+ Slay+2}
HPRegen 3.08/turn               F - ring of Amorality {Wiz rPois MP+9 Int+3 Stlth+}
MPRegen 0.87/turn               P - ring "Qeazo" {rElec AC+4 Str+4 Int+4 Stlth+}

@: statue-form, weakened, flying, studying 2 skills, very slow
A: slow and powerful, torment resistance 1, flying, boosted hp, (spit acid), AC
+13, unfitting armour, acidic bite, cold-blooded, acid resistance, big wings,
claws 1, large bone plates 1, low MP 1, robust 1, strong 1, wild magic 1,
eyeballs 3, tendrils, jelly absorbing missiles, engulf, devolution 1
}: 9/15 runes: decaying, slimy, silver, abyssal, glowing, magical, fiery, dark,
gossamer
a: End Transformation, Renounce Religion, Oozemancy, Slimify


You were in Pandemonium.
You worshipped Jiyva.
Jiyva was exalted by your worship.
You were a living statue of rough stone.
You visited 9 branches of the dungeon, and saw 46 of its levels.
You visited Pandemonium 1 time, and saw 14 of its levels.
You visited the Abyss 2 times.
You also visited: Ossuary and Desolation.

You collected 11129 gold pieces.
You spent 7201 gold pieces at shops.
You paid 2429 gold pieces to Gozag.

Inventory:

Hand Weapons
 a - the +8 dagger of the Viper {vorpal, rC+ Int+5 Dex+5}
   (You found it on level 2 of the Lair of Beasts)

   It inflicts extra damage upon your enemies.
   Int:       It affects your intelligence (+5).
   Dex:       It affects your dexterity (+5).
   rC:        It protects you from cold.
Armour
 m - the +3 pair of seven-league boots {Rampage+∞}
   (You found it in the Desolation of Salt)

   Its wearer moves as far as possible in that direction when moving towards
   enemies.
 r - the +2 shield of Resistance (worn) {rF++ rC++ Will++}
   (You bought it in a shop on level 2 of the Orcish Mines)

   rF:        It greatly protects you from fire.
   rC:        It greatly protects you from cold.
   Will:      It greatly increases your willpower.
 s - the +3 pair of gloves "Yvuczoy" {rPois rF+ Int+3}
   (You found it on level 4 of the Spider Nest)

   Int:       It affects your intelligence (+3).
   rF:        It protects you from fire.
   rPois:     It protects you from poison.
 t - a +2 cloak of willpower (worn)
 w - the +2 pair of gloves of the Orange (melded) {rC+ Str+6 Slay+3 Stlth-}
   (You bought it in a shop on level 3 of the Dungeon)

   Str:       It affects your strength (+6).
   Slay:      It affects your accuracy & damage with ranged weapons and melee
   (+3).
   rC:        It protects you from cold.
   Stlth:     It makes you less stealthy.
 U - the +3 hat of Pondering (worn) {ponderous, Will+ MP+10 Int+5}
   (You took it off Gastronok on level 3 of the Lair of Beasts)

   Int:       It affects your intelligence (+5).
   MP:        It affects your magic capacity (+10).
   Will:      It increases your willpower.
Jewellery
 v - the ring "Qos Esmeg" {rF+ rC+ rCorr EV+4}
   (You took it off a balrug in Pandemonium)

   [ring of evasion]

   EV:        It affects your evasion (+4).
   rF:        It protects you from fire.
   rC:        It protects you from cold.
   rCorr:     It protects you from acid and corrosion.
 x - the ring of the Noxious Orange {Fire Will+ Dex+6}
   (You took it off a vault sentinel on level 5 of the Vaults)

   [ring of fire]

   It enhances your fire magic.
   Dex:       It affects your dexterity (+6).
   rF:        It protects you from fire.
   rC:        It makes you vulnerable to cold.
   Will:      It increases your willpower.
 F - the ring of Amorality (left claw) {Wiz rPois MP+9 Int+3 Stlth+}
   (You bought it in a shop on level 2 of the Orcish Mines)

   [ring of wizardry]

   It improves your spell success rate.
   Int:       It affects your intelligence (+3).
   rPois:     It protects you from poison.
   MP:        It affects your magic capacity (+9).
   Stlth:     It makes you more stealthy.
 L - the amulet of Puuruis (around neck) {Faith Regen+ Slay+2}
   (You bought it in a shop on level 2 of the Orcish Mines)

   [amulet of faith]

   It allows you to gain divine favour quickly.
   Slay:      It affects your accuracy & damage with ranged weapons and melee
   (+2).
   Regen:     It increases your rate of health regeneration.
 P - the ring "Qeazo" (right claw) {rElec AC+4 Str+4 Int+4 Stlth+}
   (You bought it in a shop on level 2 of the Dungeon)

   [ring of protection]

   AC:        It affects your AC (+4).
   Str:       It affects your strength (+4).
   Int:       It affects your intelligence (+4).
   rElec:     It insulates you from electricity.
   Stlth:     It makes you more stealthy.
 Q - a ring of willpower
 S - the ring "Xuocsin" {rElec rF+ rC+}
   (You took it off a deep elf zephyrmancer on level 3 of the Elven Halls)

   [ring of protection from fire]

   rF:        It protects you from fire.
   rC:        It protects you from cold.
   rElec:     It insulates you from electricity.
 T - the ring of the Mage {Wiz Archmagi}
   (You found it on level 3 of the Elven Halls)

   [ring of wizardry]

   It improves your spell success rate.
   Archmagi:  It increases the power of your magical spells.
 Y - the ring "Veti" {rC+ rN+ MP+9}
   (You bought it in a shop on level 4 of the Dungeon)

   [ring of magical power]

   rC:        It protects you from cold.
   rN:        It protects you from negative energy.
   MP:        It affects your magic capacity (+9).
 Z - the ring of Maked {rF+ rC+ Str+2 Dex-2 Stlth+}
   (You took it off a deep elf knight on level 3 of the Elven Halls)

   [ring of protection from fire]

   Str:       It affects your strength (+2).
   Dex:       It affects your dexterity (-2).
   rF:        It protects you from fire.
   rC:        It protects you from cold.
   Stlth:     It makes you more stealthy.
Wands
 f - a wand of digging (5)
 o - a wand of acid (27)
 q - a wand of polymorph (2)
 u - a wand of flame (42) {@v2}
 I - a wand of charming (7)
 O - a wand of iceblast (20)
 W - a wand of mindburst (17) {@v3}
Scrolls
 e - 5 scrolls of enchant weapon
 g - 4 scrolls of summoning
 l - 6 scrolls of teleportation {@r4}
 n - 4 scrolls of brand weapon
 y - 6 scrolls of silence
 B - 3 scrolls of fear
 D - 3 scrolls of fog
 E - 6 scrolls of torment
 G - 4 scrolls of enchant armour
 H - 3 scrolls of magic mapping
 J - 10 scrolls of amnesia
 N - a scroll of blinking
 V - 6 scrolls of immolation
Potions
 b - 6 potions of ambrosia
 c - 2 potions of invisibility
 d - 3 potions of attraction
 h - 6 potions of flight
 i - 3 potions of curing {@q1}
 j - 2 potions of degeneration
 k - 2 potions of haste {@q3}
 p - 3 potions of lignification
 z - a potion of resistance
 A - a potion of brilliance
 K - a potion of cancellation
 M - 5 potions of might
 R - 2 potions of mutation
 X - a potion of berserk rage
Miscellaneous
 C - a condenser vane


   Skills:
 - Level 20.0 Fighting
 - Level 17.0 Dodging
 - Level 1.7 Stealth
 + Level 12.6 Shields
 * Level 21.8 Unarmed Combat
 + Level 19.3 Spellcasting
 - Level 8.3 Conjurations
 - Level 4.5 Hexes
 - Level 11.3 Necromancy
 - Level 13.5 Translocations
 - Level 15.4 Transmutations
 - Level 2.8 Air Magic
 - Level 3.0 Earth Magic


You had 21 spell levels left.
You knew the following spells:

 Your Spells              Type           Power      Damage    Failure   Level
a - Dragon Form           Tmut           58%        N/A       1%          7
b - Statue Form           Tmut/Erth      63%        N/A       3%          6
c - Fulminant Prism       Conj/Hex       42%        3d20      1%          4
d - Manifold Assault      Tloc           100%       N/A       1%          5
e - Death Channel         Necr           51%        N/A       1%          6
f - Searing Ray           Conj           100%       2d8       1%          2
g - Necromutation         Tmut/Necr      55%        N/A       21%         8
h - Irradiate             Conj/Tmut      52%        3d30      1%          5

Your spell library contained the following spells:

 Spells                   Type           Power      Damage    Failure   Level
 Beastly Appendage        Tmut           100%       N/A       1%          1
 Foxfire                  Conj/Fire      100%       2x1d9     1%          1
 Freeze                   Ice            100%       1d11      1%          1
 Magic Dart               Conj           100%       1d8       1%          1
 Sandblast                Erth           100%       2d20      1%          1
 Shock                    Conj/Air       100%       1d9       1%          1
 Slow                     Hex            100%       N/A       1%          1
 Sting                    Tmut/Pois      100%       1d8       1%          1
 Blink                    Tloc           100%       N/A       1%          2
 Call Imp                 Summ           47%        N/A       1%          2
 Corpse Rot               Necr/Air       100%       N/A       1%          2
 Ensorcelled Hibernation  Hex/Ice        100%       N/A       1%          2
 Passwall                 Tmut/Erth      79%        N/A       1%          2
 Scorch                   Fire           94%        2d9       1%          2
 Static Discharge         Conj/Air       80%        N/A       1%          2
 Wereblood                Tmut           100%       N/A       1%          2
 Confusing Touch          Hex            75%        N/A       1%          3
 Conjure Flame            Conj/Fire      73%        6-21      1%          3
 Dazzling Flash           Conj/Hex       100%       N/A       1%          3
 Gell's Gravitas          Tloc           100%       N/A       1%          3
 Ignite Poison            Fire/Tmut/Pois 78%        N/A       1%          3
 Inner Flame              Hex/Fire       63%        N/A       1%          3
 Lesser Beckoning         Tloc           100%       N/A       1%          3
 Mephitic Cloud           Conj/Pois/Air  71%        N/A       1%          3
 Portal Projectile        Hex/Tloc       100%       N/A       1%          3
 Stone Arrow              Conj/Erth      100%       3d13      1%          3
 Summon Guardian Golem    Hex/Summ       63%        N/A       1%          3
 Swiftness                Air            66%        N/A       1%          3
 Teleport Other           Tloc           100%       N/A       1%          3
 Tukima's Dance           Hex            75%        N/A       1%          3
 Vampiric Draining        Necr           100%       2d13      1%          3
 Anguish                  Hex/Necr       45%        N/A       1%          4
 Animate Dead             Necr           51%        N/A       1%          4
 Flame Wave               Conj/Fire      73%        2d13      1%          4
 Hailstorm                Conj/Ice       73%        3d15      1%          4
 Iskenderun's Mystic Bla  Conj/Tloc      100%       2d19      1%          4
 Passage of Golubria      Tloc           100%       N/A       1%          4
 Petrify                  Tmut/Erth      95%        N/A       1%          4
 Agony                    Necr           100%       N/A       1%          5
 Alistair's Intoxication  Tmut/Pois      60%        N/A       1%          5
 Blade Hands              Tmut           58%        N/A       1%          5
 Borgnjor's Vile Clutch   Necr/Erth      43%        N/A       1%          5
 Excruciating Wounds      Necr           51%        N/A       1%          5
 Iskenderun's Battlesphe  Conj           92%        2d14      1%          5
 Summon Forest            Summ/Tloc      43%        N/A       1%          5
 Yara's Violent Unravell  Hex/Tmut       49%        3d19      1%          5
 Leda's Liquefaction      Hex/Erth       35%        N/A       2%          4
 Lightning Bolt           Conj/Air       40%        1d59      2%          5
 Frozen Ramparts          Ice            94%        1d11      3%          3
 Ozocubu's Armour         Ice            47%        N/A       3%          3
 Airstrike                Air            33%        N/A       3%          4
 Fireball                 Conj/Fire      36%        3d15      4%          5
 Summon Lightning Spire   Summ/Air       58%        N/A       5%          4
 Freezing Cloud           Conj/Ice/Air   35%        6-21      5%          5
 Eringya's Noxious Bog    Tmut/Pois      45%        N/A       6%          6
 Olgreb's Toxic Radiance  Pois           47%        N/A       9%          4
 Iron Shot                Conj/Erth      40%        9d8       12%         6
 Simulacrum               Ice/Necr       40%        N/A       12%         6
 Conjure Ball Lightning   Conj/Air       40%        3x3d13    13%         6
 Storm Form               Tmut/Air       47%        N/A       16%         7
 Orb of Destruction       Conj           46%        9d12      21%         7
 Disjunction              Tloc           55%        N/A       21%         8
 Borgnjor's Revivificati  Necr           51%        N/A       41%         8
 Enfeeble                 Hex            37%        N/A       65%         7
 Summon Cactus Giant      Summ           23%        N/A       71%         6
 Spellforged Servitor     Conj/Summ      36%        N/A       71%         7
 Ozocubu's Refrigeration  Ice            23%        4d9       99%         7
 Summon Hydra             Summ           23%        N/A       99%         7
 Discord                  Hex            37%        N/A       99%         8
 Death's Door             Necr           51%        N/A       99%         9
 Chain Lightning          Conj/Air       40%        3d53      100%        9
 Fire Storm               Conj/Fire      36%        8d9       100%        9


Dungeon Overview and Level Annotations

Branches:
Dungeon (15/15)            Temple (0/1) D:6            Lair (6/6) D:9
  Swamp (4/4) Lair:2       Spider (4/4) Lair:4        Slime (5/5) Lair:5
    Orc (2/2) D:12            Elf (3/3) Orc:2        Vaults (5/5) D:14
  Crypt (0/3) Vaults:2     Depths (2/4) D:15        Ossuary (visited)
Desolation (visited)

Altars:
Gozag
Hepliaklqana
Kikubaaqudgha
Okawaru
Qazlal
Sif Muna
Trog
Vehumet
The Shining One
Beogh
Jiyva

Shops:
D:2 =   D:3 [(*[!   D:4 =   D:6 *   D:7 *:   D:8 ?   D:9 *?(=   D:12 (   D:13 =
Orc:2 ([*=*=   Elf:1 ?   Elf:2 ?*   Elf:3 :==   Vaults:2 [   Vaults:3 *
Vaults:4 *

Portals:
Pandemonium: Depths:2
Ziggurat: Depths:1

Annotations:
D:5 exclusion: 2 doors
Lair:3 Snorg
Lair:6 exclusion: obsidian statue
Swamp:3 3 runed translucent doors, Ricegish's ghost, adept GnFi
Swamp:4 1 runed translucent door, Lobster4's ghost, adept DrCj
Slime:5 Royal Jelly
Orc:2 2 transporters, szrap's ghost, journeyman FeSu
Elf:2 3 runed translucent doors


Innate Abilities, Weirdness & Mutations

You are a living statue of rough stone.
Your actions are slow, but your melee attacks are powerful.
You are resistant to unholy torment.
You are flying.
Your maximum health is greatly increased.
You are immune to poison.
Your equipment is partially melded.
((You can spit globs of acid.))
((Your golden yellow scales are hard. (AC +13)))
You cannot fit into any form of body armour.
You have acidic saliva.
You are cold-blooded and may be slowed by cold attacks.
You are resistant to acid. (rCorr)
Your large and strong wings let you fly.
You have sharp fingernails.
You are partially covered in large bone plates. (SH +4)
Your magical capacity is low. (-10% MP)
You are robust. (+10% HP)
Your muscles are strong. (Str +2)
Your spells are a little harder to cast, but a little more powerful.
Your body is covered in eyes which may confuse attackers. (Acc +7, SInv)
You are covered in slimy tendrils that may disarm your opponents.
You have a small jelly attached to you that may absorb projectiles.
Your melee attacks may engulf your foes in ooze.
You have hidden genetic defects.


Message History

You tail-slap the Hell Sentinel, but do no damage.
You bite the Hell Sentinel, but do no damage.
The Hell Sentinel is heavily wounded.
The reaper hits you from afar with a +0 scythe of venom!
* * * LOW HITPOINT WARNING * * *
You feel as though you will be weak longer.
You block the Hell Sentinel's attack. x2
You mangle the Hell Sentinel!!
You tail-slap the Hell Sentinel, but do no damage.
You bite the Hell Sentinel, but do no damage.
The Hell Sentinel is severely wounded.
You block the reaper's attack.
The Hell Sentinel hits you but does no damage.
The Hell Sentinel closely misses you.
You scratch the Hell Sentinel but do no damage.
You tail-slap the Hell Sentinel, but do no damage.
The Hell Sentinel is severely wounded.
You block the reaper's attack. The Hell Sentinel gestures at you.
The sphere of damnation explodes!
The damnation engulfs you!!
* * * LOW HITPOINT WARNING * * *
The damnation engulfs the Hell Sentinel.
The Hell Sentinel completely resists.
You feel better.
A soul eater comes into view.
The reaper hits you from afar with a +0 scythe of venom!
* * * LOW HITPOINT WARNING * * *
You feel your power leaking away. You block the Hell Sentinel's attack.
The Hell Sentinel hits you but does no damage.
You block the reaper's attack.
You mangle the Hell Sentinel!!
The Hell Sentinel is severely wounded.
The Hell Sentinel hits you!
* * * LOW HITPOINT WARNING * * *
You feel as though you will be weak longer.
The Hell Sentinel hits you but does no damage.
The reaper barely misses you. You block the orange demon's attack.
You feel better. The Hell Sentinel hits you!!
You die...

# . #.
########.#
###.##$.?...3.#
#............!.
#....)2......#
#............#
#......814...#
#.....#.....##
#.... #####...#
#... ... ### .


You could see a Hell Sentinel (black mark), a reaper (black mark), a soul eater
and an orange demon.

Vanquished Creatures
  Cerebov (Pan)
  Gloorx Vloq (Pan)
  Lom Lobon (Pan)
  Mnoleg (Pan)
  2 dread liches
  2 ancient liches (Vaults:5)
  A juggernaut (Depths:2)
  Frederick (Vaults:2)
  Nikola (Vaults:2)
  A golden dragon (Vaults:5)
  3 bone dragons
  8 Brimstone Fiends (Pan)
  An Ice Fiend (Pan)
  3 liches
  6 tentacled monstrosities
  2 titans
  3 Hell Sentinels (Pan)
  An acid blob (Slime:4)
  2 deep elf blademasters (Elf:3)
  A quicksilver dragon (Abyss:4)
  3 tentacled starspawn
  2 deep elf master archers (Elf:3)
  22 Executioners
  7 sphinxes
  Frances (Swamp:1)
  2 pandemonium lords (Pan)
  3 storm dragons (Vaults:5)
  2 thorn hunters (Swamp:4)
  4 tengu reavers
  Gastronok (Lair:3)
  3 shadow dragons (Vaults:5)
  A revenant (Abyss:4)
  Donald (Swamp:2)
  5 fire giants
  2 demonspawn warmongers
  9 deep elf sorcerers
  4 orc warlords
  7 emperor scorpions
  5 frost giants
  18 balrugs (Pan)
  17 vault wardens
  13 cacodemons (Pan)
  A caustic shrike zombie (Abyss:5)
  An iron dragon (Vaults:5)
  Aizul (Swamp:1)
  3 imperial myrmidons (Desolation)
  2 curse skulls (Pan)
  4 ghost moths
  3 deep elf elementalists (Elf:3)
  5 demonspawn corrupters
  An angel (Pan)
  11 ironbound preservers
  2 spriggan defenders (Depths:2)
  3 broodmothers
  A caustic shrike skeleton (D:15)
  17 very ugly things
  3 reapers
  3 quicksilver oozes
  7 stone giants
  A draconian annihilator (Pan)
  Nessos (D:15)
  4 war gargoyles
  A vampire knight (Depths:1)
  4 demonspawn black suns (Pan)
  8 ironbound thunderhulks
  5 deep elf demonologists
  Azrael (D:13)
  2 eleionomae
  10 deep elf annihilators
  11 dire elephants
  3 entropy weavers
  5 bunyips
  A halazid warlock (Desolation)
  7 lorocyprocas
  2 spark wasps
  4 crystal guardians (Desolation)
  3 blizzard demons
  4 ettins
  4 ragged hierophants (Desolation)
  3 fire dragons (Depths:1)
  4 green deaths (Pan)
  2 deep elf death magi (Elf:3)
  4 deep elf high priests
  A shambling mangrove (Swamp:3)
  12 yaktaur captains
  7 rakshasas
  A caustic shrike simulacrum (Abyss:3)
  Fannar (Lair:3)
  31 vault guards
  25 hydras
  3 ice dragons (Depths:2)
  9 peacekeepers
  3 ogre magi
  3 spriggan air magi
  6 servants of whispers (Desolation)
  Erolcha (D:11)
  15 centaur warriors
  5 boulder beetles
  A jorogumo (Spider:3)
  A radroach (Spider:4)
  2 hell beasts (Pan)
  8 ironbound frosthearts
  2 catoblepae
  Erica (D:11)
  10 dancing weapons
  2 death knights
  4 two-headed ogres
  10 alligators
  12 death yaks (Lair:6)
  Urug (Orc:2)
  4 orc high priests
  10 deep troll shamans
  8 deep troll earth magi
  2 tengu warriors
  A two-headed ogre (shapeshifter) (Vaults:5)
  A spectral dire elephant (Lair:6)
  A hell knight (Vaults:5)
  4 spriggan berserkers
  Nergalle (D:10)
  14 thrashing horrors
  50 sun demons (Pan)
  6 wretched stars
  15 soul eaters
  9 shadow wraiths
  A titan skeleton (D:15)
  Sonja (Orc:2)
  17 spriggans
  13 sixfirhies (Pan)
  3 iron trolls (Depths:1)
  2 spectral death yaks (Lair:6)
  8 deep elf knights
  6 pharaoh ants
  13 skeletal warriors
  A fire crab (shapeshifter) (Abyss:3)
  A sun moth (Spider:4)
  6 goliath frogs
  A spatial maelstrom (Abyss:5)
  7 shadow demons
  8 steelbarb worms
  A spectral anaconda (Lair:6)
  39 deep trolls
  13 swamp dragons
  A cherub (Pan)
  A flayed ghost (D:15)
  11 orb spiders
  A spark wasp zombie (D:15)
  8 wizards
  2 bog bodies
  4 spriggan druids
  11 deep elf archers
  17 ironbound convokers
  18 deep elf zephyrmancers
  A phantasmal warrior (Vaults:5)
  10 wolf spider zombies (Spider:1)
  12 orc knights
  27 starcursed masses
  29 deep elf pyromancers
  15 lindwurms
  10 necromancers
  An anaconda skeleton (Abyss:3)
  4 harpies
  A shadow dragon skeleton (Pan)
  6 orc sorcerers
  17 wolf spiders
  2 moths of wrath (Spider:2)
  A shining eye (Slime:5)
  2 manticores
  23 ugly things
  An iron dragon skeleton (Depths:1)
  A will-o-the-wisp (Swamp:4)
  20 vault sentinels
  4 cyclopes
  A stone giant skeleton (Depths:1)
  2 apocalypse crabs
  Joseph (D:8)
  5 guardian serpents (Desolation)
  Maurice (Orc:2)
  A naga mage (Vaults:4)
  A molten gargoyle (Desolation)
  2 rust devils
  22 smoke demons
  13 elephants (Lair:6)
  5 torpor snails
  An ice statue (D:12)
  6 black mambas
  15 orange demons (Pan)
  17 cane toads
  2 gargoyles
  A rime drake (Lair:4)
  An unseen horror (D:12)
  2 hellions
  2 dire elephant skeletons (Lair:6)
  14 demonic crawlers
  7 hellwings
  8 efreet
  10 redback zombies (Spider:1)
  6 tengu conjurers
  A tormentor (Pan)
  6 freezing wraiths
  8 komodo dragons
  51 yaktaurs
  14 hornets
  4 ancient zymes
  4 spriggan skeletons
  9 tyrant leeches
  2 red devils (Pan)
  10 meliai
  5 polar bears
  A queen bee (Abyss:5)
  27 tarantellas
  4 harpy skeletons (Pan)
  41 large abominations
  A bloated husk (Swamp:3)
  9 trolls
  7 raiju
  3 tarantella zombies (Spider:1)
  16 blink frogs
  19 slime creatures
  A hydra skeleton (Pan)
  43 saltlings (Desolation)
  6 culicivora zombies (Spider:1)
  A meliai zombie (D:11)
  An air elemental (Elf:1)
  47 yaks
  A spriggan (shapeshifter) (D:14)
  37 jumping spiders
  2 shadows
  19 culicivoras
  5 water elementals
  4 wyverns
  A vampire (D:12)
  15 ynoxinuls
  An ettin skeleton (Pan)
  A black mamba skeleton (Pan)
  8 wraiths
  A human (D:14)
  4 fire elementals
  4 fire bats (D:10)
  A steam dragon (D:9)
  2 basilisks
  22 neqoxecs
  44 redbacks
  25 vampire mosquitoes
  27 chaos spawn
  4 wargs
  Menkaure (D:7)
  6 spatial vortices (Abyss:5)
  A harpy simulacrum (D:15)
  11 swamp worms
  6 hell hounds
  6 water moccasins
  An acid dragon (D:10)
  8 swamp drakes (Swamp:4)
  A naga skeleton (Pan)
  4 black bears
  39 orc warriors
  A sky beast (shapeshifter) (D:14)
  An ice beast (shapeshifter) (D:13)
  7 ice beasts
  11 ogres
  4 elephant skeletons (Lair:6)
  4 centaurs
  2 kobold brigands
  8 bullfrogs
  2 gnoll sergeants
  4 earth elementals
  2 scorpions (D:6)
  3 elephant simulacra (Lair:6)
  7 killer bees (D:9)
  A water moccasin skeleton (D:5)
  14 wights
  2 electric eels
  A howler monkey (D:13)
  5 centaur zombies
  2 lava snakes (D:10)
  A quasit (Abyss:3)
  A bullfrog zombie (D:5)
  2 jellies (Lair:5)
  30 orc priests
  A bullfrog skeleton (D:7)
  A gnoll shaman (D:8)
  2 hounds
  7 small abominations
  4 iguanas
  27 orc wizards
  A killer bee zombie (D:8)
  A mummy (Ossuary)
  3 howler monkey zombies
  5 adders
  13 gnolls
  3 white imps
  2 ufetubi
  A worm (D:3)
  95 orcs
  6 ball pythons
  3 endoplasms
  A goblin (D:3)
  8 hobgoblins
  7 jackals
  3 quokkas
  2 bats
  2 frilled lizards
  4 gnoll skeletons (Ossuary)
  15 kobolds
  3 kobold skeletons (Ossuary)
  18 orc skeletons (Ossuary)
  5 rats
  4 ball lightnings (Pan)
  2 briar patches (Swamp:4)
  31 fire vortices
  3 starspawn tentacles (Abyss:4)
2238 creatures vanquished.

Vanquished Creatures (collateral kills)
  Bai Suzhen (Vaults:2)
  A sphinx (Vaults:5)
  A vault warden (Vaults:5)
  3 very ugly things (Vaults:2)
  2 vault guards (Vaults:5)
  A shadow wraith (Pan)
  A phantasmal warrior (Vaults:5)
  An ironbound convoker (Vaults:2)
  An ugly thing (Vaults:2)
  2 smoke demons
  A tormentor (Abyss:5)
  A meliai (Abyss:5)
16 creatures vanquished.

Vanquished Creatures (others)
  A lich (Pan)
  An eldritch tentacle (Pan)
  An ironbound preserver (Vaults:5)
  A very ugly thing (Depths:2)
  An eleionoma (shapeshifter) (Vaults:5)
  An entropy weaver (Vaults:4)
  A blizzard demon (Pan)
  10 great orbs of eyes
  3 yaktaur captains
  2 vault guards (Vaults:5)
  A jorogumo (shapeshifter) (Vaults:5)
  A two-headed ogre (shapeshifter) (Vaults:5)
  A deep troll shaman (Depths:1)
  A thrashing horror (Abyss:5)
  A deep elf knight (Elf:2)
  A wretched star (Abyss:5)
  A goliath frog (shapeshifter) (Vaults:5)
  A glowing orange brain (shapeshifter) (Vaults:5)
  A lindwurm (Vaults:1)
  8 glowing orange brains
  An ironbound convoker (Vaults:2)
  A deep elf zephyrmancer (Elf:1)
  A wolf spider (shapeshifter) (Vaults:5)
  An orange demon (Pan)
  2 smoke demons (Pan)
  2 vault sentinels (Vaults:5)
  A komodo dragon (shapeshifter) (Vaults:5)
  3 yaktaurs
  A hellwing (Pan)
  An ancient zyme (Abyss:5)
  2 bloated husks
  16 slime creatures
  3 ynoxinuls
  5 golden eyes (Abyss:5)
  3 large abominations (Abyss:5)
  A swamp worm (shapeshifter) (Depths:2)
  2 spatial vortices (Abyss:5)
  2 floating eyes (Pan)
  268 jellies
  An orc wizard (Vaults:5)
  2 ball lightnings (Pan)
  A briar patch (Swamp:4)
  A bush (Lair:6)
  2 demonic plants (Pan)
  A fire vortex (Pan)
  94 fulminant prisms
  22 fungi
  60 plants
  4 starspawn tentacles
  31 withered plants
574 creatures vanquished.

Grand Total: 2828 creatures vanquished

Notes
Turn   | Place    | Note
-------+----------+-------------------------------------------
     0 | D:1      | freelancePsychic the Draconian Conjurer began the quest for
                  | the Orb.
     0 | D:1      | Reached XP level 1. HP: 14/14 MP: 3/3
   340 | D:1      | You fall into a shaft and drop 1 floor!
   400 | D:1      | Reached skill level 1 in Fighting
   400 | D:1      | Reached XP level 2. HP: 21/23 MP: 0/5
   403 | D:1      | Learned a level 2 spell: Searing Ray
  1636 | D:2      | Reached XP level 3. HP: 28/28 MP: 0/6
  2006 | D:2      | Found a faded altar of an unknown god.
  2099 | D:2      | Found Tappoito's One-of-a-Kind Rings.
  2564 | D:3      | Found Fiorra Ebbuxt's Antique Armour Shoppe.
  2892 | D:3      | Found Eridithuh's Distillery.
  3010 | D:3      | Found Woeraan's Assorted Antiques.
  3062 | D:3      | Found Xacydeurph's Weapon Shoppe.
  3070 | D:3      | Bought 2 curare-tipped darts for 15 gold pieces
  3206 | D:3      | Found Xoedu's Antique Armour Shoppe.
  3568 | D:4      | Reached XP level 4. HP: 28/36 MP: 8/8
  3658 | D:4      | Found an opulent altar of Gozag.
  3715 | D:4      | Became a worshipper of Gozag Ym Sagoz the Greedy
  4055 | D:4      | Noticed an ogre
  4060 | D:4      | Killed an ogre
  4061 | D:4      | Reached skill level 5 in Conjurations
  4061 | D:4      | Reached XP level 5. HP: 45/45 MP: 10/10
  4088 | D:4      | Found Vuraowi's Jewellery Shoppe.
  4155 | D:4      | Reached XP level 6. HP: 47/51 MP: 11/11
  4574 | D:3      | Bought a pair of bloodstained gloves for 180 gold pieces
  4574 | D:3      | Identified the +2 pair of gloves of the Orange {rC+ Str+6
                  | Slay+3 Stlth-} (You bought it in a shop on level 3 of the
                  | Dungeon)
  4626 | D:5      | Entered Level 5 of the Dungeon
  4962 | D:5      | Found a large runed translucent door.
  4963 | D:5      | Found a large runed translucent door.
  5311 | D:5      | Found a shimmering blue altar of Sif Muna.
  5341 | D:5      | Found a glowing golden altar of the Shining One.
  5341 | D:5      | Noticed an ice beast
  5417 | D:6      | Reached skill level 1 in Hexes
  5417 | D:6      | Your scales start taking on a golden yellow colour.
  5417 | D:6      | Reached XP level 7. HP: 56/60 MP: 13/13
  5417 | D:6      | Gained mutation: You are resistant to acid. (rCorr) [Yellow
                  | Draconian growth]
  5707 | D:6      | Found a staircase to the Ecumenical Temple.
  5738 | D:6      | Found Ijikac's Elemental Accessories.
  5873 | D:6      | Reached skill level 5 in Fighting
  5975 | D:6      | Learned a level 4 spell: Fulminant Prism
  6350 | D:6      | Reached skill level 5 in Spellcasting
  6350 | D:6      | Reached XP level 8. HP: 59/69 MP: 15/15
  7060 | D:7      | Found Leser's Book Boutique.
  7131 | D:7      | Noticed a four-headed hydra
  7317 | D:7      | Found Wafeoffoeh's Overcharged Wands.
  7353 | D:7      | Killed a four-headed hydra
  7354 | D:7      | Reached XP level 9. HP: 62/78 MP: 6/18
  7570 | D:7      | Noticed Menkaure
  7574 | D:7      | Killed Menkaure
  7959 | D:8      | Found a sand-covered staircase.
  7975 | Ossuary  | Entered an ossuary
  8604 | D:8      | Noticed Joseph
  8627 | D:8      | Reached skill level 1 in Transmutations
  8864 | D:7      | Bought an Inescapable Atlas for 408 gold pieces
  9061 | D:8      | Killed Joseph
  9264 | D:8      | Found an iron altar of Okawaru.
  9743 | D:8      | Found Zaurile's Magic Scroll Shop.
  9775 | D:9      | Found Viwunk's Magic Scroll Shoppe.
  9817 | D:9      | Identified the +7 whip of Yredelemnul's Envy {vorpal, rC+
                  | MP+9 Str-3}
  9898 | D:9      | Found an ancient bone altar of Kikubaaqudgha.
 10106 | D:9      | Found a staircase to the Lair.
 10298 | D:9      | Reached XP level 10. HP: 91/91 MP: 19/19
 10299 | D:9      | Reached skill level 5 in Transmutations
 10323 | D:9      | Noticed a manticore
 10332 | D:9      | Killed a manticore
 10603 | D:9      | Found Hoxteunn's Weapon Boutique.
 10929 | D:2      | Bought the ring "Qeazo" {rElec AC+4 Str+4 Int+4 Stlth+} for
                  | 765 gold pieces
 10939 | D:2      | Learned a level 7 spell: Dragon Form
 11213 | D:9      | Found Gaorimir's Jewellery Shop.
 11295 | D:9      | Found a hazy altar of Hepliaklqana.
 11424 | D:9      | Found Hif Ishra's Assorted Antiques.
 11656 | Lair:1   | Entered Level 1 of the Lair of Beasts
 11678 | Lair:1   | Noticed a six-headed hydra
 11688 | Lair:1   | Noticed a four-headed hydra
 11897 | Lair:1   | Noticed a cane toad
 11904 | Lair:1   | Killed a cane toad
 11905 | Lair:1   | Reached skill level 10 in Fighting
 12053 | Lair:1   | Noticed a cane toad
 12062 | Lair:1   | Killed a cane toad
 12451 | Lair:1   | Killed a four-headed hydra
 12682 | Lair:1   | Killed a six-headed hydra
 12817 | Lair:2   | Noticed a cane toad
 12822 | Lair:2   | Killed a cane toad
 12883 | Lair:2   | Noticed a cane toad
 12888 | Lair:2   | Noticed a catoblepas
 12890 | Lair:2   | Killed a cane toad
 13215 | Lair:1   | Reached XP level 11. HP: 43/102 MP: 20/20
 13480 | D:10     | Entered Level 10 of the Dungeon
 13480 | D:10     | Noticed a boulder beetle
 13490 | D:10     | Killed a boulder beetle
 14138 | D:10     | Noticed Nergalle
 14148 | D:10     | Killed Nergalle
 14417 | D:10     | Identified the +9 quarterstaff "Kyunouni" {elec, rElec rC+
                  | Stlth+}
 14747 | D:10     | Reached skill level 10 in Transmutations
 15018 | D:11     | Noticed a two-headed ogre
 15026 | D:11     | Killed a two-headed ogre
 15313 | D:11     | Noticed a five-headed hydra
 15314 | D:11     | Noticed Erica
 15420 | D:11     | Noticed Erolcha
 16055 | Lair:2   | Noticed a seven-headed hydra
 16061 | Lair:2   | Killed a seven-headed hydra
 16062 | Lair:2   | Reached XP level 12. HP: 94/112 MP: 21/21
 16724 | Lair:2   | Noticed a seven-headed hydra
 16730 | Lair:2   | Killed an eight-headed hydra
 16731 | Lair:2   | Reached skill level 1 in Unarmed Combat
 16902 | Lair:2   | Killed a catoblepas
 17022 | Lair:2   | Found a staircase to the Swamp.
 17043 | Lair:2   | Noticed a five-headed hydra
 17047 | Lair:2   | Killed a five-headed hydra
 17690 | Lair:2   | Identified the +8 dagger of the Viper {vorpal, rC+ Int+5
                  | Dex+5}
 17737 | Lair:3   | Reached skill level 2 in Unarmed Combat
 17737 | Lair:3   | Reached skill level 1 in Translocations
 17782 | Lair:3   | Noticed a four-headed hydra
 17794 | Lair:3   | Killed a seven-headed hydra
 17807 | Lair:3   | Noticed Fannar
 17826 | Lair:2   | Reached skill level 3 in Unarmed Combat
 18001 | Lair:2   | Learned a level 5 spell: Manifold Assault
 18048 | Lair:3   | Noticed Snorg
 18304 | Lair:3   | Reached skill level 4 in Unarmed Combat
 18413 | Lair:3   | Killed Fannar
 18621 | Lair:3   | Noticed Gastronok
 18635 | Lair:3   | Killed Gastronok
 18636 | Lair:3   | Reached XP level 13. HP: 123/123 MP: 13/22
 19162 | Lair:4   | Reached skill level 5 in Unarmed Combat
 19672 | Lair:4   | Reached skill level 5 in Translocations
 19748 | Lair:4   | Found a hole to the Spider Nest.
 20124 | Lair:5   | Found a bloodstained altar of Trog.
 20546 | Lair:5   | Found a staircase to the Slime Pits.
 21305 | D:4      | Bought the ring "Veti" {rC+ rN+ MP+9} for 458 gold pieces
 21528 | Lair:6   | Entered Level 6 of the Lair of Beasts
 21575 | Lair:6   | Reached skill level 6 in Unarmed Combat
 21916 | Lair:6   | Reached skill level 7 in Unarmed Combat
 22146 | Lair:6   | Noticed a dire elephant
 22146 | Lair:6   | Noticed a dire elephant
 22147 | Lair:6   | Noticed a dire elephant
 22147 | Lair:6   | Noticed a dire elephant
 22156 | Lair:6   | Noticed a dire elephant
 22162 | Lair:6   | Killed a dire elephant
 22166 | Lair:6   | Reached skill level 15 in Fighting
 22337 | Lair:6   | Reached skill level 8 in Unarmed Combat
 22410 | Lair:6   | Killed a dire elephant
 22413 | Lair:6   | Killed a dire elephant
 22414 | Lair:6   | Gained mutation: You have acidic saliva. [Yellow Draconian
                  | growth]
 22414 | Lair:6   | Reached XP level 14. HP: 135/135 MP: 23/23
 22774 | Lair:6   | Reached skill level 9 in Unarmed Combat
 23683 | D:11     | Killed Erica
 23687 | D:11     | Reached skill level 10 in Unarmed Combat
 23828 | D:11     | Killed Erolcha
 24059 | D:12     | Reached skill level 10 in Translocations
 24310 | D:12     | Reached skill level 11 in Unarmed Combat
 24625 | D:12     | Found a staircase to the Orcish Mines.
 24625 | D:12     | Found Otuyq's Weapon Shoppe.
 25125 | D:12     | Gained mutation: You are frail. (-10% HP) [mutagenic glow]
 25149 | D:12     | Gained mutation: Your magical capacity is low. (-10% MP)
                  | [mutagenic glow]
 25257 | D:12     | Lost mutation: Your magical capacity is low. (-10% MP)
                  | [potion of mutation]
 25257 | D:12     | Lost mutation: You are frail. (-10% HP) [potion of
                  | mutation]
 25257 | D:12     | Gained mutation: You are frail. (-10% HP) [potion of
                  | mutation]
 25257 | D:12     | Gained mutation: You are clumsy. (Dex -2) [potion of
                  | mutation]
 25257 | D:12     | Gained mutation: You passively map a small area around you.
                  | [potion of mutation]
 25566 | D:13     | Noticed Azrael
 25584 | D:13     | Killed Azrael
 25992 | D:13     | Reached XP level 15. HP: 126/126 MP: 24/24
 27119 | D:14     | Found a gate to the Vaults.
 28673 | D:15     | Entered Level 15 of the Dungeon
 29042 | D:14     | Reached skill level 12 in Unarmed Combat
 29044 | D:14     | Reached skill level 5 in Dodging
 29198 | D:15     | Noticed Nessos
 29201 | D:15     | Killed Nessos
 29710 | D:15     | Found a staircase to the Depths.
 30431 | Orc:1    | Entered Level 1 of the Orcish Mines
 30543 | Orc:2    | Entered Level 2 of the Orcish Mines
 30549 | Orc:2    | Noticed Urug
 30553 | Orc:2    | Killed Urug
 30826 | Orc:2    | Noticed an orc warlord
 30848 | Orc:2    | Killed an orc warlord
 31078 | Orc:2    | Found a transporter.
 31080 | Orc:2    | Identified the +7 dire flail "Poggeosk" {vorpal, rElec
                  | Int+6}
 31083 | Orc:2    | Found a transporter.
 31083 | Orc:2    | Noticed szrap's ghost (journeyman FeSu)
 31166 | Orc:2    | Reached skill level 13 in Unarmed Combat
 31246 | Orc:2    | Found a staircase to the Elven Halls.
 31251 | Orc:2    | Noticed Maurice
 31256 | Orc:2    | Killed Maurice
 31469 | Orc:2    | Noticed Sonja
 31476 | Orc:2    | Killed Sonja
 31699 | Orc:2    | Noticed an orc warlord
 31752 | Orc:2    | Reached XP level 16. HP: 106/134 MP: 7/25
 32677 | Orc:2    | Found Xeih's Antique Armour Boutique.
 32678 | Orc:2    | Found Yruonuts's Antique Weapon Boutique.
 32680 | Orc:2    | Found Cadyirph's General Store.
 32680 | Orc:2    | Found Duxaxaorph's Jewellery Shop.
 32936 | Orc:2    | Bought the +2 shield of Resistance {rF++ rC++ Will++} for
                  | 1298 gold pieces
 32936 | Orc:2    | Found the +2 shield of Resistance {rF++ rC++ Will++}
 32936 | Orc:2    | Bought a pair of brightly glowing gloves for 190 gold
                  | pieces
 32936 | Orc:2    | Identified the -3 pair of gloves "Dusic Nal" {Rampage *Slow
                  | rPois Str-2} (You bought it in a shop on level 2 of the
                  | Orcish Mines)
 32947 | Orc:2    | Bought a scroll of teleportation for 30 gold pieces
 33109 | Orc:2    | Bought the ring of Amorality {Wiz rPois MP+9 Int+3 Stlth+}
                  | for 1038 gold pieces
 33312 | Orc:2    | Bought the amulet of Puuruis {Faith Regen+ Slay+2} for 775
                  | gold pieces
 33586 | Spider:1 | Entered Level 1 of the Spider Nest
 33663 | Spider:1 | Reached skill level 14 in Unarmed Combat
 33780 | Spider:1 | Got the Guide on Creative Lightness
 35546 | Spider:2 | Gained mutation: You are dopey. (Int -2) [mutagenic glow]
 35578 | Spider:2 | Gained mutation: You are very frail. (-20% HP) [mutagenic
                  | glow]
 38316 | Spider:2 | Gained mutation: Potions are less effective at restoring
                  | your health. [mutagenic glow]
 38334 | Spider:2 | Gained mutation: Your body sometimes deteriorates upon
                  | taking damage. [mutagenic glow]
 38442 | Slime:1  | Entered Level 1 of the Pits of Slime
 38463 | Slime:3  | Noticed an acid blob
 38490 | Slime:4  | Reached XP level 17. HP: 104/126 MP: 29/29
 38494 | Slime:4  | Noticed an acid blob
 38496 | Slime:5  | Entered Level 5 of the Pits of Slime
 38505 | Slime:5  | Noticed an acid blob
 38505 | Slime:5  | Noticed an acid blob
 38521 | Slime:5  | Noticed an acid blob
 38523 | Slime:5  | Found a viscous altar of Jiyva.
 38523 | Slime:5  | Noticed an acid blob
 38524 | Slime:5  | Noticed the Royal Jelly
 38529 | Slime:5  | Noticed an acid blob
 38529 | Slime:5  | Noticed an acid blob
 38537 | Slime:5  | Noticed an acid blob
 38549 | Slime:5  | Gained mutation: You are very dopey. (Int -4) [a shining
                  | eye]
 38699 | Slime:4  | Noticed an acid blob
 38703 | Slime:4  | Killed an acid blob
 39162 | Slime:5  | Fell from the grace of Gozag
 39162 | Slime:5  | Became a worshipper of Jiyva Jeonworg the Shapeless
 40544 | Spider:4 | Entered Level 4 of the Spider Nest
 40544 | Spider:4 | Reached * piety under Jiyva
 40663 | Swamp:1  | Entered Level 1 of the Swamp
 40914 | Swamp:1  | Noticed Aizul
 40920 | Swamp:1  | Noticed Frances
 40923 | Swamp:1  | Killed Aizul
 40925 | Swamp:1  | Killed Frances
 41547 | Swamp:2  | Reached skill level 10 in Spellcasting
 41556 | Swamp:2  | Noticed Donald
 41561 | Swamp:2  | Killed Donald
 42161 | Swamp:2  | Reached ** piety under Jiyva
 42646 | Swamp:3  | Reached skill level 1 in Shields
 43109 | Swamp:3  | Found a runed translucent gate.
 43109 | Swamp:3  | Found a runed translucent gate.
 43109 | Swamp:3  | Found a runed translucent gate.
 43110 | Swamp:3  | Noticed Ricegish's ghost (adept GnFi)
 43110 | Swamp:3  | Found the +3 giant club "Skullcrusher" {speed, Str+7}
 43115 | Swamp:3  | Reached *** piety under Jiyva
 43142 | Swamp:3  | Lost mutation: Your body sometimes deteriorates upon taking
                  | damage. [Jiyva's grace]
 43142 | Swamp:3  | Lost mutation: You are very frail. (-20% HP) [Jiyva's
                  | grace]
 43142 | Swamp:3  | Lost mutation: You are frail. (-10% HP) [Jiyva's grace]
 43142 | Swamp:3  | Lost mutation: You are clumsy. (Dex -2) [Jiyva's grace]
 43142 | Swamp:3  | Gained mutation: You are agile. (Dex +2) [Jiyva's grace]
 43142 | Swamp:3  | Gained mutation: You are very agile. (Dex +4) [Jiyva's
                  | grace]
 43142 | Swamp:3  | Gained mutation: You have a small jelly attached to you
                  | that may absorb projectiles. [Jiyva's grace]
 43318 | Swamp:4  | Entered Level 4 of the Swamp
 43336 | Swamp:4  | Got the Compendium of Harmful Weightlessness
 43719 | Swamp:4  | Reached XP level 18. HP: 172/172 MP: 23/33
 43930 | Swamp:4  | Found a runed translucent door.
 43934 | Swamp:4  | Noticed Lobster4's ghost (adept DrCj)
 43934 | Swamp:4  | Noticed a tentacled monstrosity
 44065 | Swamp:4  | Got a decaying rune of Zot
 44182 | Swamp:4  | Noticed a tentacled monstrosity
 44185 | Swamp:4  | Reached skill level 5 in Shields
 44188 | Swamp:4  | Killed a tentacled monstrosity
 44868 | Spider:4 | Identified the +3 pair of gloves "Yvuczoy" {rPois rF+
                  | Int+3}
 45240 | Spider:4 | Reached **** piety under Jiyva
 46090 | Spider:4 | Got a gossamer rune of Zot
 46462 | Elf:1    | Entered Level 1 of the Elven Halls
 46670 | Elf:1    | Found Ymoekec's Magic Scroll Boutique.
 46710 | Elf:1    | Bought a scroll of teleportation for 39 gold pieces
 46732 | Elf:1    | Reached ***** piety under Jiyva
 47195 | Elf:1    | Lost mutation: You have a small jelly attached to you that
                  | may absorb projectiles. [Jiyva's grace]
 47195 | Elf:1    | Gained mutation: A frigid envelope surrounds you and
                  | freezes all who hurt you. [Jiyva's grace]
 47195 | Elf:1    | Gained mutation: Your spells are a little harder to cast,
                  | but a little more powerful. [Jiyva's grace]
 47195 | Elf:1    | Gained mutation: Your spells are harder to cast, but more
                  | powerful. [Jiyva's grace]
 47195 | Elf:1    | Gained mutation: Your spells are much harder to cast, but
                  | much more powerful. [Jiyva's grace]
 47584 | Elf:2    | Reached XP level 19. HP: 184/184 MP: 16/36
 47666 | Elf:2    | Found Leckok's Magic Scroll Shoppe.
 47706 | Elf:2    | Bought a scroll of blinking for 112 gold pieces
 47797 | Elf:2    | Was forgiven by Gozag
 47995 | Elf:2    | Reached XP level 20. HP: 193/193 MP: 37/37
 48011 | Elf:2    | Found a runed translucent gate.
 48011 | Elf:2    | Found a runed translucent gate.
 48012 | Elf:2    | Found a runed translucent gate.
 48058 | Elf:2    | Reached skill level 15 in Transmutations
 48212 | Elf:2    | Found Wusostad's General Store.
 48224 | Elf:2    | Bought a scroll of teleportation for 45 gold pieces
 48224 | Elf:2    | Bought a potion of might for 60 gold pieces
 48479 | Elf:3    | Entered Level 3 of the Elven Halls
 48522 | Elf:3    | Found a shimmering blue altar of Sif Muna.
 48631 | Elf:3    | Found Qikavuok's Book Emporium.
 48631 | Elf:3    | Found Kinyirch's Jewellery Boutique.
 48632 | Elf:3    | Found Move's Jewellery Boutique.
 48654 | Elf:3    | Bought a book of Unlife for 576 gold pieces
 48974 | Elf:3    | Cast into level 3 of the Abyss (a deep elf sorcerer)
 49166 | Abyss:3  | Gained mutation: You are weak. (Str -2) [a neqoxec]
 49229 | Elf:3    | Escaped the Abyss
 49246 | Elf:3    | Reached skill level 10 in Dodging
 49424 | Elf:3    | Identified the ring "Xuocsin" {rElec rF+ rC+}
 49431 | Elf:3    | Identified the ring of Maked {rF+ rC+ Str+2 Dex-2 Stlth+}
 49434 | Elf:3    | Found the ring of the Mage {Wiz Archmagi}
 49435 | Elf:3    | Reached ****** piety under Jiyva
 49441 | Elf:3    | Identified the amulet "Gurhal" {Reflect +Inv rN+ rCorr
                  | Str-5 SH+5}
 49447 | Elf:3    | Got the Incunabulum of the Insatiable Nightingales
 49698 | Elf:3    | Lost mutation: You are very dopey. (Int -4) [Jiyva's grace]
 49698 | Elf:3    | Lost mutation: Potions are less effective at restoring your
                  | health. [Jiyva's grace]
 49698 | Elf:3    | Gained mutation: You have a small jelly attached to you
                  | that senses nearby items. [Jiyva's grace]
 49698 | Elf:3    | Gained mutation: You have supernaturally acute eyesight.
                  | (SInv) [Jiyva's grace]
 49698 | Elf:3    | Lost mutation: You are weak. (Str -2) [Jiyva's grace]
 49698 | Elf:3    | Gained mutation: Your muscles are strong. (Str +2) [Jiyva's
                  | grace]
 50190 | Slime:5  | Got Miyxkih's Compendium of Destructive Black Secrets
 50199 | Slime:5  | Identified the +10 executioner's axe "Spiderslayer" {pain,
                  | rN+ Str-4 Dex+4}
 50205 | Slime:5  | Identified the ring "Omineaclu" {Fly rF+}
 50208 | Slime:5  | Got a slimy rune of Zot
 50504 | Vaults:1 | Entered Level 1 of the Vaults
 50526 | Vaults:1 | Reached skill level 1 in Necromancy
 50958 | Vaults:1 | Reached skill level 15 in Unarmed Combat
 51022 | Vaults:1 | Reached skill level 5 in Necromancy
 51531 | Vaults:1 | Reached skill level 1 in Air Magic
 52046 | Vaults:2 | Lost mutation: A frigid envelope surrounds you and freezes
                  | all who hurt you. [Jiyva's grace]
 52046 | Vaults:2 | Lost mutation: You have a small jelly attached to you that
                  | senses nearby items. [Jiyva's grace]
 52046 | Vaults:2 | Gained mutation: You are robust. (+10% HP) [Jiyva's grace]
 52046 | Vaults:2 | Gained mutation: You are very robust. (+20% HP) [Jiyva's
                  | grace]
 52046 | Vaults:2 | Gained mutation: You are extremely robust. (+30% HP)
                  | [Jiyva's grace]
 52046 | Vaults:2 | Gained mutation: Your tail ends in a venomous barb.
                  | [Jiyva's grace]
 52073 | Vaults:2 | Gained mutation: You are very dopey. (Int -4) [mutagenic
                  | glow]
 52082 | Vaults:2 | Lost mutation: You are very agile. (Dex +4) [mutagenic
                  | glow]
 52085 | Vaults:2 | Reached skill level 15 in Spellcasting
 52152 | Vaults:2 | Reached XP level 21. HP: 261/261 MP: 35/40
 52158 | Vaults:2 | Learned a level 5 spell: Irradiate
 52165 | Vaults:2 | Learned a level 6 spell: Death Channel
 52166 | Vaults:2 | Found a crumbling gateway.
 52173 | Desolati | Entered the Desolation of Salt
 52217 | Desolati | Found the +3 pair of seven-league boots {Rampage+∞}
 52233 | Desolati | Identified the ring of the Furies {rC+ rCorr MP+9 Dex-5}
 52270 | Desolati | Got the Almanac of Enthralling Conjuration
 52499 | Desolati | Got Kaph's Guide on Toxic Transmigration
 52699 | Desolati | Identified the +9 rapier of Responsibility {flame, rPois
                  | Will+ Int+6 Dex-3}
 52780 | Desolati | Identified the ring of Xom's Full Attention {AC+4 Int+4
                  | Dex+2}
 53172 | Vaults:2 | Lost mutation: You have supernaturally acute eyesight.
                  | (SInv) [Jiyva's grace]
 53172 | Vaults:2 | Lost mutation: You are agile. (Dex +2) [Jiyva's grace]
 53172 | Vaults:2 | Lost mutation: You are extremely robust. (+30% HP) [Jiyva's
                  | grace]
 53172 | Vaults:2 | Lost mutation: Your spells are much harder to cast, but
                  | much more powerful. [Jiyva's grace]
 53172 | Vaults:2 | Gained mutation: Your melee attacks may engulf your foes in
                  | ooze. [Jiyva's grace]
 53172 | Vaults:2 | Gained mutation: You possess an exceptional clarity of
                  | mind. [Jiyva's grace]
 53172 | Vaults:2 | Gained mutation: You have a somewhat thin skeletal
                  | structure. (Dex +2, Stealth+) [Jiyva's grace]
 53172 | Vaults:2 | Gained mutation: You have a moderately thin skeletal
                  | structure. (Dex +4, Stealth++) [Jiyva's grace]
 53415 | Vaults:2 | Noticed Frederick
 53421 | Vaults:2 | Killed Frederick
 53574 | Vaults:2 | Found Qeidd's Antique Armour Shop.
 53646 | Vaults:2 | Reached skill level 10 in Necromancy
 54043 | Vaults:2 | Noticed Nikola
 54049 | Vaults:2 | Killed Nikola
 54243 | Vaults:2 | Paralysed by a sphinx for 7 turns
 54249 | Vaults:2 | Noticed Bai Suzhen
 54254 | Vaults:2 | Killed Bai Suzhen
 54376 | Vaults:2 | Found a staircase to the Crypt.
 54446 | Vaults:3 | Found Ciav's General Store.
 54487 | Vaults:3 | Bought a scroll of acquirement for 1092 gold pieces
 54487 | Vaults:3 | Acquired the Grimoire of Earthen Confrontation
 54496 | Vaults:3 | Learned a level 6 spell: Statue Form
 54582 | Vaults:3 | Reached skill level 1 in Earth Magic
 54895 | Vaults:3 | Lost mutation: Your tail ends in a venomous barb. [Jiyva's
                  | grace]
 54895 | Vaults:3 | Lost mutation: Your spells are harder to cast, but more
                  | powerful. [Jiyva's grace]
 54895 | Vaults:3 | Gained mutation: You are covered in slimy tendrils that may
                  | disarm your opponents. [Jiyva's grace]
 54895 | Vaults:3 | Gained mutation: You have hidden genetic potential.
                  | [Jiyva's grace]
 54895 | Vaults:3 | Gained mutation: You have great hidden genetic potential.
                  | [Jiyva's grace]
 54895 | Vaults:3 | Lost mutation: You are very dopey. (Int -4) [Jiyva's grace]
 55048 | Vaults:3 | Noticed a dread lich
 55068 | Vaults:3 | Paralysed by a dread lich for 7 turns
 55077 | Vaults:3 | Killed a dread lich
 55103 | Vaults:3 | Reached XP level 22. HP: 135/249 MP: 9/42
 55790 | Vaults:4 | Reached skill level 16 in Unarmed Combat
 55963 | Vaults:4 | Found a radiant altar of Vehumet.
 55986 | Vaults:4 | Identified the +0 robe "Caalesis" {Drain rPois rC+ Stlth+}
 56273 | Vaults:4 | Found Zaxt's Assorted Antiques.
 56307 | Vaults:4 | Bought a scroll of teleportation for 120 gold pieces
 56666 | Vaults:5 | Entered Level 5 of the Vaults
 56696 | Vaults:5 | Lost mutation: You have a moderately thin skeletal
                  | structure. (Dex +4, Stealth++) [Jiyva's grace]
 56696 | Vaults:5 | Lost mutation: You possess an exceptional clarity of mind.
                  | [Jiyva's grace]
 56696 | Vaults:5 | Lost mutation: You are dopey. (Int -2) [Jiyva's grace]
 56696 | Vaults:5 | Lost mutation: You have great hidden genetic potential.
                  | [Jiyva's grace]
 56696 | Vaults:5 | Lost mutation: You are covered in slimy tendrils that may
                  | disarm your opponents. [Jiyva's grace]
 56696 | Vaults:5 | Gained mutation: You are agile. (Dex +2) [Jiyva's grace]
 56696 | Vaults:5 | Gained mutation: You are very agile. (Dex +4) [Jiyva's
                  | grace]
 56696 | Vaults:5 | Gained mutation: You have a small jelly attached to you
                  | that senses nearby items. [Jiyva's grace]
 56696 | Vaults:5 | Gained mutation: Your translucent skin slightly reduces
                  | your foes' accuracy. (Stealth+) [Jiyva's grace]
 56868 | Vaults:5 | Noticed a golden dragon
 56870 | Vaults:5 | Cast into level 3 of the Abyss (a deep elf sorcerer)
 56870 | Abyss:3  | Found a transporter.
 56870 | Abyss:3  | Found a corrupted altar of Lugonu.
 56872 | Abyss:3  | Found a transporter.
 56897 | Abyss:3  | Found a transporter.
 56897 | Abyss:3  | Paralysed by accursed screaming for 1 turns
 56912 | Abyss:3  | Identified the ring "Dumuc" {Will+++ rCorr Str+6 Int-5
                  | Stlth+}
 56931 | Abyss:3  | Found a transporter.
 57050 | Abyss:4  | Paralysed by accursed screaming for 1 turns
 57102 | Abyss:4  | Noticed a dread lich
 57108 | Abyss:4  | Killed a dread lich
 57143 | Abyss:5  | Entered Level 5 of the Abyss
 57455 | Abyss:5  | Reached XP level 23. HP: 140/258 MP: 43/44
 57455 | Abyss:5  | Reached XP level 24. HP: 145/268 MP: 43/44
 57455 | Abyss:5  | Got an abyssal rune of Zot
 57500 | Abyss:5  | Gained mutation: Your magical capacity is low. (-10% MP) [a
                  | neqoxec]
 57501 | Vaults:5 | Escaped the Abyss
 57517 | Vaults:5 | Reached skill level 17 in Unarmed Combat
 57798 | Vaults:5 | Identified the +5 hand crossbow "Ereidded" {elec, Fly rN+}
 57798 | Vaults:5 | Identified the ring of the Noxious Orange {Fire Will+
                  | Dex+6}
 57810 | Vaults:5 | Noticed an ancient lich
 57817 | Vaults:5 | Gained mutation: You have sharp fingernails. [hidden
                  | potential]
 57819 | Vaults:5 | Killed an ancient lich
 58238 | Vaults:5 | Got the Reference Book on Transmutation and Evil
 58282 | Vaults:5 | Reached skill level 18 in Unarmed Combat
 58282 | Vaults:5 | Reached XP level 25. HP: 277/277 MP: 40/40
 58319 | Vaults:5 | Noticed an ancient lich
 58327 | Vaults:5 | Killed an ancient lich
 58328 | Vaults:5 | Reached skill level 15 in Dodging
 58368 | Vaults:5 | Got a silver rune of Zot
 58605 | Depths:1 | Entered Level 1 of the Depths
 58698 | Depths:1 | Found a one-way gateway to a ziggurat.
 58998 | Depths:1 | Identified the ring of Quxkoi {Will+ MP+9 Str+2}
 59120 | Depths:2 | Found a stormy altar of Qazlal.
 59226 | Depths:2 | Noticed a juggernaut
 59235 | Depths:2 | Killed a juggernaut
 59326 | Depths:2 | Found a one-way gate leading to the halls of Pandemonium.
 59331 | Depths:2 | Reached skill level 19 in Unarmed Combat
 59380 | Pan      | Entered Pandemonium
 59417 | Pan      | Lost mutation: You have a somewhat thin skeletal structure.
                  | (Dex +2, Stealth+) [Jiyva's grace]
 59417 | Pan      | Lost mutation: You are very agile. (Dex +4) [Jiyva's grace]
 59417 | Pan      | Lost mutation: You are very robust. (+20% HP) [Jiyva's
                  | grace]
 59417 | Pan      | Lost mutation: You have a small jelly attached to you that
                  | senses nearby items. [Jiyva's grace]
 59417 | Pan      | Gained mutation: You have large cloven feet. [Jiyva's
                  | grace]
 59417 | Pan      | Gained mutation: You have hoof-like feet. [Jiyva's grace]
 59417 | Pan      | Gained mutation: You have hooves in place of feet. [Jiyva's
                  | grace]
 59417 | Pan      | Gained mutation: You have a small jelly attached to you
                  | that senses nearby items. [Jiyva's grace]
 59490 | Pan      | Entered the realm of Cerebov.
 59507 | Pan      | Found an exit through the horrors of the Abyss.
 59701 | Pan      | Identified the +8 long sword of Darkness {freeze, rPois
                  | Stlth+}
 59701 | Pan      | Identified the ring "Qos Esmeg" {rF+ rC+ rCorr EV+4}
 59747 | Pan      | Found the +6 sword of Cerebov {flame}
 59747 | Pan      | Noticed Cerebov
 59819 | Pan      | Reached skill level 10 in Shields
 59867 | Pan      | Killed Cerebov
 59873 | Pan      | Gained mutation: You are partially covered in large bone
                  | plates. (SH +4) [hidden potential]
 59873 | Pan      | Lost mutation: You have hidden genetic potential. [hidden
                  | potential expressed]
 59895 | Pan      | Got a fiery rune of Zot
 59933 | Pan      | Identified the +1 leather armour of the Tundras {Int+5}
 60578 | Pan      | Found an exit through the horrors of the Abyss.
 60593 | Pan      | Gained mutation: You occasionally shout uncontrollably at
                  | your foes. [a neqoxec]
 60841 | Pan      | Reached skill level 20 in Unarmed Combat
 60847 | Pan      | Entered the realm of Lom Lobon.
 60891 | Pan      | Reached XP level 26. HP: 262/262 MP: 36/40
 61033 | Pan      | Lost mutation: You have hooves in place of feet. [Jiyva's
                  | grace]
 61033 | Pan      | Lost mutation: You have hoof-like feet. [Jiyva's grace]
 61033 | Pan      | Lost mutation: You have large cloven feet. [Jiyva's grace]
 61033 | Pan      | Lost mutation: You are partially covered in large bone
                  | plates. (SH +4) [Jiyva's grace]
 61033 | Pan      | Lost mutation: You have a small jelly attached to you that
                  | senses nearby items. [Jiyva's grace]
 61033 | Pan      | Lost mutation: Your melee attacks may engulf your foes in
                  | ooze. [Jiyva's grace]
 61033 | Pan      | Gained mutation: You have a small jelly attached to you
                  | that may absorb projectiles. [Jiyva's grace]
 61033 | Pan      | Gained mutation: Your body has grown eyes which may confuse
                  | attackers. (Acc +3) [Jiyva's grace]
 61033 | Pan      | Gained mutation: Your body has grown many eyes which may
                  | confuse attackers. (Acc +5) [Jiyva's grace]
 61033 | Pan      | Gained mutation: Your body is covered in eyes which may
                  | confuse attackers. (Acc +7, SInv) [Jiyva's grace]
 61081 | Pan      | Noticed Lom Lobon
 61096 | Pan      | Killed Lom Lobon
 61138 | Pan      | Got a magical rune of Zot
 61370 | Pan      | Lost mutation: You are robust. (+10% HP) [a cacodemon]
 61784 | Pan      | Noticed Bidina Wufoc the pandemonium lord
 61792 | Pan      | Killed Bidina Wufoc the pandemonium lord
 61960 | Pan      | Lost mutation: You passively map a small area around you.
                  | [Jiyva's grace]
 61960 | Pan      | Lost mutation: Your body is covered in eyes which may
                  | confuse attackers. (Acc +7, SInv) [Jiyva's grace]
 61960 | Pan      | Gained mutation: You are robust. (+10% HP) [Jiyva's grace]
 61960 | Pan      | Gained mutation: You are very robust. (+20% HP) [Jiyva's
                  | grace]
 61960 | Pan      | Gained mutation: You are extremely robust. (+30% HP)
                  | [Jiyva's grace]
 61960 | Pan      | Gained mutation: Your melee attacks may engulf your foes in
                  | ooze. [Jiyva's grace]
 62192 | Pan      | Reached skill level 21 in Unarmed Combat
 62219 | Pan      | Noticed Lous the pandemonium lord
 62230 | Pan      | Killed Lous the pandemonium lord
 62247 | Pan      | Entered the realm of Gloorx Vloq.
 62552 | Pan      | Learned a level 8 spell: Necromutation
 62688 | Pan      | Noticed Gloorx Vloq
 62697 | Pan      | Killed Gloorx Vloq
 62778 | Pan      | Got a dark rune of Zot
 62895 | Pan      | Entered the realm of Mnoleg.
 62919 | Pan      | Found an exit through the horrors of the Abyss.
 63213 | Pan      | Gained mutation: You are dopey. (Int -2) [a cacodemon]
 63331 | Pan      | Lost mutation: You are agile. (Dex +2) [a neqoxec]
 63332 | Pan      | Gained mutation: You are clumsy. (Dex -2) [a neqoxec]
 63362 | Pan      | Gained mutation: You have hidden genetic defects. [a
                  | neqoxec]
 63458 | Pan      | Noticed Mnoleg
 63480 | Pan      | Killed Mnoleg
 63519 | Pan      | Got a glowing rune of Zot
 63614 | Pan      | Lost mutation: You are clumsy. (Dex -2) [Jiyva's grace]
 63614 | Pan      | Lost mutation: You are dopey. (Int -2) [Jiyva's grace]
 63614 | Pan      | Lost mutation: You are extremely robust. (+30% HP) [Jiyva's
                  | grace]
 63614 | Pan      | Lost mutation: You are very robust. (+20% HP) [Jiyva's
                  | grace]
 63614 | Pan      | Lost mutation: You occasionally shout uncontrollably at
                  | your foes. [Jiyva's grace]
 63614 | Pan      | Lost mutation: Your translucent skin slightly reduces your
                  | foes' accuracy. (Stealth+) [Jiyva's grace]
 63614 | Pan      | Gained mutation: You are covered in slimy tendrils that may
                  | disarm your opponents. [Jiyva's grace]
 63614 | Pan      | Gained mutation: Your large and strong wings let you fly.
                  | [Jiyva's grace]
 63614 | Pan      | Gained mutation: Your body is covered in eyes which may
                  | confuse attackers. (Acc +7, SInv) [Jiyva's grace]
 63614 | Pan      | Gained mutation: You are partially covered in large bone
                  | plates. (SH +4) [Jiyva's grace]
 63628 | Pan      | Reached XP level 27. HP: 270/270 MP: 41/41
 63760 | Pan      | Found an exit through the horrors of the Abyss.
 63969 | Pan      | HP: 16/351 [Hell Sentinel/damnation (25)]
 63972 | Pan      | Slain by a Hell Sentinel

Illustrated notes

Levels and vault maps discovered:
D:1:      saegor_arrival_under_anarchy, layout_basic, kennysheep_boxes
D:2:      layout_basic, dreamdust_ecumenical_altar_hidden_monk_grotto,
          amcnicky_mini_rare_corridor_liquid, nicolae_shop_unique_rings
D:3:      layout_loops_ring, serial_shops, shop_fountains, shop, shop_fountains,
          nicolae_diamond_shop, nicolae_shop_bloodbath_and_beyond,
          hangedman_decor_lopped, kennysheep_generic_room_4
D:4:      layout_loops_ring, grunt_gozag_breadcrumbs, serial_shops,
          kennysheep_mini, serial_bayou_lagoon_b
D:5:      layout_loops_ring, jmf_multi_god_temple2, kennysheep_nub
D:6:      layout_layer_cave, minmay_temple_entry_waves, nicolae_elemental_shop
D:7:      layout_basic, serial_shops, nicolae_stop_n_shop_1,
          nicolae_shop_overcharged_wands, uniq_menkaure
D:8:      layout_basic, kennysheep_little_box, serial_shops, shop,
          nicolae_ossuary_entry_ruins, st_stairs_13, uniq_joseph
D:9:      layout_basic, kiku_gazebo_garden_becter, nzn_hepliaklqana_mist_gate,
          lair_entry_dummy, serial_rivers, chequers_serial_rivers_large_a,
          chequers_serial_rivers_micro_e, chequers_serial_rivers_room_b,
          chequers_serial_rivers_large_b, chequers_serial_rivers_micro_e,
          serial_shops, nicolae_stop_n_shop_2, nicolae_shop_hallway_plus, shop,
          shop_fountains
D:10:     layout_long_grid, minivault_14, hangedman_incinerator, uniq_nergalle
D:11:     layout_rooms, uniq_erica, uniq_erolcha
D:12:     layout_long_grid, orc_david_3, ice2_lemuel
D:13:     layout_roguey [special_room_orc], minmay_misc_feat_five, uniq_azrael
D:14:     layout_grid_maze, grunt_vaults_entry_fortified
D:15:     gammafunk_depths_entry_grave, layout_cave_pools, uniq_nessos
Lair:1:   layout_chaotic_city, grunt_megastairs_2, serial_bayou_shore_b,
          serial_bayou_shore_b
Lair:2:   layout_cave_pods, swamp_mist
Lair:3:   layout_roguey, uniq_gastronok, uniq_fannar, uniq_snorg
Lair:4:   layout_regular_city, spider_nest_entry_web_field,
          serial_bayou_crossing
Lair:5:   layout_cave_pods, minmay_slime_entry_pillars, basic_altar,
          serial_bayou_ford_a
Lair:6:   due_jungle_book, layout_small_grid, infiniplex_staircase_pool,
          lemuel_fruit_tree
Swamp:1:  layout_basic_swamp, nicolae_swamp_tree_isthmus, swamp_pool1,
          uniq_aizul, uniq_frances
Swamp:2:  layout_basic_swamp, hangedman_swamp_ruin_wall, uniq_donald
Swamp:3:  layout_basic_swamp, gammafunk_ghost_necromancy,
          nicolae_swamp_feature_on_the_river_bank
Swamp:4:  swamp, layout_basic_swamp, ebering_ghost_inner_flame
Spider:1: lemuel_spider_zombies, hangedman_spider_tarantella_strand
Spider:2: layout_chambers, nicolae_spider_moth_buddies
Spider:3: nicolae_spider_mines_3
Spider:4: grunt_spider_rune_circles
Slime:1:  layout_caves
Slime:2:  layout_caves
Slime:3:  layout_caves
Slime:4:  layout_caves
Slime:5
Orc:1:    nicolae_orc_accident_3, layout_caves, basic_altar, bh_open_orc_temple,
          uniq_harold
Orc:2:    st_orc_congregation, layout_diamond_mine, gammafunk_ghost_smash,
          basic_altar, nicolae_orc_bridge_out, nicolae_orc_stony_grotto,
          uniq_maurice, uniq_sonja, uniq_urug
Elf:1:    eino_elf_arrival_shootout, layout_loops_corners, serial_shops, shop,
          kennysheep_underground_church, grunt_ministairs_10
Elf:2:    nicolae_elf_blades_splatter_lattice
          [nicolae_blade_entry_crossed_weapons], layout_loops_cross,
          serial_shops, shop, shop
Elf:3:    minmay_elf_hall_dome, layout_rooms, basic_altar, minmay_shop_grove
Vaults:1: hangedman_vaults_corner, v_alt_pattern_1,
          nicolae_vaults_specimen_jars, vaults_dpeg_ring, vaults_room_pool,
          v_pattern_2, hangedman_vaults_variations,
          nicolae_vaults_yaktaur_gun_rack, layout_vaults_omnigrid
Vaults:2: portal_desolation_entry_nicolae_slug, ontoclasm_vaults_ligature,
          v_misc_31, v_misc_29, hangedman_vaults_impose, v_misc_23,
          vaults_room_large_hall, st_diamondy, vaults_room_grid,
          ontoclasm_vaults_spin, nicolae_vaults_mini_display_case,
          vaults_dpeg_doors, nicolae_vaults_rhombus_6, layout_vaults_omnicross,
          dummy_crypt_entry, serial_shops, shop, uniq_frederick, uniq_nikola,
          uniq_bai_suzhen
Vaults:3: hangedman_vaults_nails, hangedman_vaults_nails,
          ontoclasm_vaults_hangar, nicolae_vaults_asterisk,
          nicolae_vaults_little_squares_5, dpeg_vaults_monster_row,
          hangedman_vaults_slice, vaults_dpeg_hooks, layout_vaults_big_room,
          serial_shops, nicolae_shop_trees
Vaults:4: grunt_tower_of_power, v_rooms_6, nicolae_vaults_bisected_slash,
          hangedman_vaults_locks, vaults_mumra_lcd, ontoclasm_vaults_twist,
          v_misc_2, ontoclasm_vaults_shuriken, v_misc_4, hangedman_vaults_nodes,
          vaults_mumra_minichess_inversion, ontoclasm_vaults_decontamination,
          layout_vaults_maze_bifur, serial_shops, shop
Vaults:5
Depths:1: layout_forbidden_donut, enter_ziggurat_a, hangedman_coc_ice_floe,
          kennysheep_just_a_vault, grunt_megastairs_3, serial_bayou_shore_b
Depths:2: evilmike_lava_path, layout_cave_pools, pf_hell_entry_great_geh,
          nicolae_qazlal_general_emergency, rand_demon_pan_entry_8,
          minivault_21, infiniplex_staircase_pillars_3b
Pan:      nicolae_pan_glass_arcs, layout_gridlike, nicolae_pan_diamonds,
          layout_long_grid, nicolae_pan_gloorx_vloqian_4, evilmike_cerebov_lava,
          layout_gridlike, grunt_pan_sceptre, layout_gridlike,
          pan_blood_fountain_small, rand_demon_1, layout_gridville, lom_lobon,
          layout_rooms, pan_blood_fountain, nicolae_pan_giant_door,
          layout_gridville, rand_demon_4, layout_small_grid,
          evilmike_mini_pan_pillars, layout_pan_divisions_a
          [pan_division_quadrant_a4, pan_division_quadrant_a6,
          pan_division_quadrant_a2, pan_division_quadrant_a5,
          pan_division_octagon_divided], pan_blood_fountain,
          nicolae_pan_mnolegish_5, evilmike_mini_pan_corridor, layout_gridlike,
          evilmike_gloorx_vloq_box, layout_rooms, nicolae_pan_cerebovesque_1,
          mnoleg, layout_irregular_city, evilmike_mini_pan_branches,
          layout_irregular_city, pan_blood_fountain, pan_disco_hall,
          layout_basic

Skill      XL: |  1  2  3  4  5  6  7  8  9 10 11 12 13 14 15 16 17 18 19 20 21 22 23 24 25 26 |
---------------+-------------------------------------------------------------------------------+-----
Fighting       | 1 2 3 4 5 6 9 11 12 13 15 16 18 19 20 | 20.0
Spellcasting   | 3 4 5 6 8 11 13 15 16 17 18 19 | 19.3
Conjurations   | 5 6 7 8 |  8.3
Hexes          | 1 2 4 |  4.5
Transmutations | 4 8 12 13 14 15 | 15.4
Unarmed Combat | 4 8 11 13 14 15 16 18 20 21 | 21.8
Translocations | 4 8 12 13 | 13.5
Dodging        | 7 9 10 11 13 14 16 17 | 17.0
Shields        | 3 5 6 8 10 12 | 12.6
Necromancy     | 5 10 11 | 11.3
Air Magic      | 2 |  2.8
Earth Magic    | 2 3 |  3.0
Stealth        | |  1.7

Action                   |  1- 3 |  4- 6 |  7- 9 | 10-12 | 13-15 | 16-18 | 19-21 | 22-24 | 25-27 || total
-------------------------+-------+-------+-------+-------+-------+-------+-------+-------+-------++-------
Melee: Unarmed           |    33 |       |       |    95 |   701 |  1028 |   711 |   731 |  1247 ||  4546
       Tailslap          |     5 |     3 |     1 |    20 |    71 |    79 |    32 |    49 |   140 ||   400
       Dagger            |     3 |    19 |     5 |     6 |    12 |    39 |    34 |       |       ||   118
       Punch             |       |     2 |       |     3 |    32 |    35 |    15 |    19 |    20 ||   126
       Whip              |       |       |       |    37 |       |       |       |       |       ||    37
       Bite              |       |       |       |    13 |    51 |    53 |    25 |    51 |   122 ||   315
       Kick              |       |       |       |       |       |       |       |       |    44 ||    44
Throw: Dart              |       |     2 |     1 |     4 |       |       |       |       |       ||     7
 Cast: Magic Dart        |    16 |       |       |       |       |       |       |       |       ||    16
       Searing Ray       |    31 |    21 |    78 |    49 |       |       |       |       |       ||   179
       Fulminant Prism   |       |       |    14 |    71 |     9 |       |       |       |       ||    94
       Dragon Form       |       |       |       |    10 |    60 |    84 |    49 |    18 |    27 ||   248
       Manifold Assault  |       |       |       |       |   136 |   446 |   312 |   240 |   344 ||  1478
       Death Channel     |       |       |       |       |       |       |     3 |       |       ||     3
       Irradiate         |       |       |       |       |       |       |     1 |       |     1 ||     2
       Statue Form       |       |       |       |       |       |       |       |    14 |    34 ||    48
       Necromutation     |       |       |       |       |       |       |       |       |     1 ||     1
Invok: Call Merchant     |       |       |       |       |     1 |     2 |       |       |       ||     3
 Abil: Breathe Acid      |       |       |    24 |    26 |    22 |     7 |     1 |     2 |       ||    82
       End Transformatio |       |       |       |       |     2 |     1 |     1 |     3 |     3 ||    10
Evoke: Wand              |       |       |       |     8 |       |       |       |       |     3 ||    11
       Condenser vane    |       |       |       |       |       |     1 |       |       |     1 ||     2
  Use: Scroll            |     3 |       |    11 |     5 |     8 |    11 |     2 |     7 |    11 ||    58
       Potion            |       |     2 |     2 |       |     1 |    13 |       |     5 |    12 ||    35
 Stab: Distracted        |       |       |       |     2 |     2 |     2 |       |     1 |     3 ||    10
       Sleeping          |       |       |       |       |     2 |       |     2 |       |       ||     4
       Confused          |       |       |       |       |       |       |       |       |     8 ||     8
Armor: Skin              |    13 |    14 |    28 |   122 |   247 |   373 |   159 |   181 |   552 ||  1689
Dodge: Dodged            |    25 |    24 |    47 |   117 |    99 |   215 |   135 |   215 |   821 ||  1698
Block: Other             |       |       |    44 |    73 |    85 |     2 |       |       |       ||   204
       Reflection        |       |       |    16 |       |     6 |       |       |       |       ||    22
       Kite shield       |       |       |       |       |       |    14 |     9 |   110 |   631 ||   764
